 Dungeon Crawl Stone Soup version 0.24.0-1-gfbc8707122 (webtiles) character file.

Game seed: 754115950605788545, levelgen mode: deterministic

195951 mystokes the Warrior (level 18, -1/156 HPs)
             Began as a Merfolk Gladiator on Oct 28, 2019.
             Was the Champion of Makhleb.
             Slain by Arachne
             ... wielding an uncursed staff of poison
              (16 damage)
             ... on level 4 of the Spider Nest.
             The game lasted 03:39:15 (35747 turns).

mystokes the Warrior (Merfolk Gladiator)           Turns: 35747, Time: 03:39:15

Health: -1/156     AC: 19    Str: 24    XL:     18   Next: 35%
Magic:  0/27       EV: 16    Int: 27    God:    Makhleb [******]
Gold:   1033       SH: 20    Dex: 24    Spells: 10/29 levels left

rFire    + . .     SeeInvis .   U - +7 demon trident of Dividends {vamp, Str+6 Dex+6 Stlth-}
rCold    + . .     Gourm    .   T - +5 shield {AC+3}
rNeg     . . .     Faith    .   R - +6 chain mail of the Thinker {rC+ Regen+ Int+5 Dex+3}
rPois    .         Spirit   .   v - +1 helmet {Int+3}
rElec    .         Reflect  .   B - +0 cloak
rCorr    .         Harm     .   y - +2 pair of gloves {Str+3}
MR       ++...                  c - +1 pair of boots
Stlth    ..........             O - amulet "Gesujyry" {RegenMP rF+ Int+4}
HPRegen  0.76/turn              w - ring of protection from magic
MPRegen  0.45/turn              X - ring of wizardry

@: lethally poisoned (-1 -> -8), corroded, very slightly contaminated
A: change form in water, swift swim, stealthy swim, blurry vision 1
}: 1/15 runes: barnacled
a: Minor Destruction, Lesser Servant of Makhleb, Major Destruction, Greater
Servant of Makhleb, Renounce Religion


You were on level 4 of the Spider Nest.
You worshipped Makhleb.
Makhleb was exalted by your worship.
You were hungry.

You visited 5 branches of the dungeon, and saw 31 of its levels.
You visited 1 bazaar.
You also visited: Ossuary, Ice Cave and Volcano.

You collected 3003 gold pieces.
You spent 1970 gold pieces at shops.

Inventory:

Hand Weapons
 U - the +7 demon trident of Dividends (weapon) {vamp, Str+6 Dex+6 Stlth-}
   (You acquired it on level 3 of the Lair of Beasts)

   It inflicts no extra harm, but heals its wielder when it wounds a living foe.
   It affects your strength (+6).
   It affects your dexterity (+6).
   It makes you less stealthy.
Missiles
 d - 10 throwing nets (quivered)
 Q - 6 datura-tipped darts
 S - 8 curare-tipped darts
Armour
 c - a +1 pair of boots (worn)
 k - a +3 plate armour of magic resistance
 v - a +1 helmet of intelligence (worn)
 y - a +2 pair of gloves of strength (worn)
 B - a +0 cloak (worn)
 M - a scarf of cloud immunity
 R - the +6 chain mail of the Thinker (worn) {rC+ Regen+ Int+5 Dex+3}
   (You found it on level 11 of the Dungeon)

   It affects your intelligence (+5).
   It affects your dexterity (+3).
   It protects you from cold.
   It increases your rate of regeneration.
 T - a +5 shield of protection (worn)
Jewellery
 b - a +3 ring of strength
 j - the amulet "Gifyes" {Spirit rC+ Stlth+}
   (You acquired it on level 12 of the Dungeon)

   [amulet of guardian spirit]

   It causes incoming damage to be split between your health and magic.
   It protects you from cold.
   It makes you more stealthy.
 q - an uncursed ring of positive energy
 w - a ring of protection from magic (left hand)
 K - an uncursed ring of protection from cold
 O - the amulet "Gesujyry" (around neck) {RegenMP rF+ Int+4}
   (You acquired it on level 4 of the Shoals)

   [amulet of magic regeneration]

   It increases your magic regeneration.
   It affects your intelligence (+4).
   It protects you from fire.
 W - the macabre finger necklace {rN+}
   (You found it on level 3 of the Lair of Beasts)

   [amulet of nothing]

   It protects you from negative energy.
 X - a ring of wizardry (right hand)
Wands
 g - a wand of digging (12)
 E - a wand of iceblast (32)
 J - a wand of paralysis (26)
Scrolls
 a - 7 scrolls of fear
 e - 14 scrolls of remove curse
 l - a scroll of brand weapon
 o - 13 scrolls of teleportation
 r - 3 scrolls of amnesia
 A - 4 scrolls of magic mapping
 D - 3 scrolls of silence
 L - 3 scrolls of blinking
 N - 7 scrolls of fog
 V - 5 scrolls of enchant weapon
 Y - 11 scrolls of identify
Potions
 h - 5 potions of curing
 i - 4 potions of resistance
 n - 2 potions of heal wounds
 p - 7 potions of agility
 s - 3 potions of berserk rage
 t - 7 potions of brilliance
 u - 2 potions of ambrosia
 x - 2 potions of flight
 z - 3 potions of magic
 C - 7 potions of might
 F - 4 potions of mutation
 H - 3 potions of haste
 I - 3 potions of cancellation
 P - 4 potions of lignification
Miscellaneous
 m - a lightning rod (4/4)
Comestibles
 f - 54 rations


   Skills:
 * Level 17.8 Fighting
 - Level 16.0 Polearms
 - Level 2.0 Throwing
 - Level 5.0 Armour
 - Level 10.0 Dodging
 - Level 15.0 Shields
 - Level 6.0 Spellcasting
 + Level 3.1 Hexes
 + Level 3.4 Charms
 - Level 9.0 Summonings
 - Level 8.0 Air Magic
 - Level 12.0 Invocations


You had 10 spell levels left.
You knew the following spells:

 Your Spells              Type           Power        Failure   Level  Hunger
a - Summon Lightning Spi  Summ/Air       ######..     5%          4    ###....
b - Call Imp              Summ           ######..     1%          2    None
c - Song of Slaying       Chrm           ####....     6%          2    None
d - Regeneration          Chrm/Necr      ###.......   26%         3    None
e - Spectral Weapon       Hex/Chrm       ####....     14%         3    None
f - Summon Forest         Summ/Tloc      ####......   56%         5    #####..

Your spell library contained the following spells:

 Spells                   Type           Power        Failure   Level  Hunger
 Summon Small Mammal      Summ           ####         1%          1    None
 Call Canine Familiar     Summ           ######..     1%          3    None
 Corona                   Hex            ###....      4%          1    None
 Infusion                 Chrm           ####         4%          1    None
 Summon Guardian Golem    Hex/Summ       #####...     4%          3    None
 Slow                     Hex            ###.....     8%          2    None
 Shroud of Golubria       Chrm/Tloc      ###...       13%         2    None
 Ensorcelled Hibernation  Hex/Ice        ###...       14%         2    None
 Confuse                  Hex            ###.....     16%         3    None
 Tukima's Dance           Hex            ###.....     16%         3    None
 Corpse Rot               Necr           N/A          26%         2    None
 Sublimation of Blood     Necr           #.........   26%         2    None
 Dazzling Spray           Conj/Hex       ###...       26%         3    None
 Inner Flame              Hex/Fire       ###.....     26%         3    None
 Portal Projectile        Hex/Tloc       ###...       26%         3    None
 Summon Ice Beast         Ice/Summ       ####....     26%         4    ###....
 Cause Fear               Hex            ###.......   43%         4    ###....
 Ignite Poison            Fire/Tmut/Pois #.......     45%         3    None
 Stone Arrow              Conj/Erth      #.....       45%         3    None
 Leda's Liquefaction      Hex/Erth       ###.......   65%         4    ###....
 Ice Form                 Ice/Tmut       #.......     83%         4    ###....
 Petrify                  Tmut/Erth      #.......     83%         4    ###....
 Metabolic Englaciation   Hex/Ice        ###.......   92%         5    #####..
 Summon Hydra             Summ           ######....   97%         7    #######
 Alistair's Intoxication  Tmut/Pois      #.......     99%         5    #####..
 Irradiate                Conj/Tmut      #.........   99%         5    #####..
 Bolt of Cold             Conj/Ice       #.........   100%        6    ######.
 Freezing Cloud           Conj/Ice/Air   ###.......   100%        6    ######.
 Hydra Form               Tmut           #.........   100%        6    ######.
 Ozocubu's Refrigeration  Ice            #.........   100%        6    ######.
 Simulacrum               Ice/Necr       #.........   100%        6    ######.


Dungeon Overview and Level Annotations

Branches:
Dungeon (15/15)            Temple (0/1) D:4            Lair (6/6) D:9
 Shoals (4/4) Lair:3       Spider (4/4) Lair:4        Slime (0/5) Lair:6
    Orc (2/2) D:12            Elf (0/3) Orc:2        Vaults (0/5) D:13
 Depths (0/5) D:15        Ossuary (visited)           IceCv (visited)
Volcano (visited)

Altars:
Ashenzari
Cheibriados
Gozag
Hepliaklqana
Makhleb
Nemelex Xobeh
Sif Muna
Wu Jian
Xom
Zin
The Shining One
Beogh
Jiyva

Shops:
D:6 %   D:7 *   D:12 *   Orc:2 [[?:   Shoals:1 *

Annotations:
D:14 6 runed translucent doors
Shoals:1 2 transporters
Spider:4 Arachne


Innate Abilities, Weirdness & Mutations

You revert to your normal form in water.
You are very nimble and swift while swimming.
You are very stealthy in the water. (Stealth+)
Scrolls take you a little longer to read.


Message History

A demon appears!
It doesn't seem very happy.
Arachne stares at you and mumbles some strange words.
The bolt of poison hits you!!!
You are poisoned.
* * * LOW HITPOINT WARNING * * *
Arachne hits you with an uncursed staff of poison!!
* * * LOW HITPOINT WARNING * * *
You are more poisoned.
Really read with blurry vision while enemies are nearby? [Y]es or [N]o only, please.
Really read with blurry vision while enemies are nearby? [Y]es or [N]o only, please.
Really read with blurry vision while enemies are nearby? [Y]es or [N]o only, please.
Really read with blurry vision while enemies are nearby?
You feel sick. The demonic crawler closely misses you.
You block the demonic crawler's attack. x2
Arachne hits you with an uncursed staff of poison!
You die...

##..# #.... #..... ### #
^..... #### #.####
......# ##^.#######..##.
.....^.##......#....^...
.....^2^................
#@...†........#...
.....sHs...†...........#
....s.^.^^.....#..†..†..
.....######..##.........
#'''# ##.#^....##...
.... ###.....##..† ...
##.....#### .. #...##


You could see Arachne, a balrug, a demonic crawler, an orb spider and a redback.

Vanquished Creatures
  Polyphemus (Shoals:2)
  2 krakens
  Kirke (Spider:4)
  A frost giant (Shoals:4)
  A reaper (IceCv)
  Nessos (Orc:2)
  4 entropy weavers
  The ghost of Arum the Fighter, a journeyman FoFi of the Shining One (D:12)
  Azrael (D:12)
  A dire elephant (D:15)
  Snorg (Lair:3)
  4 merfolk javelineers (Shoals:4)
  6 merfolk impalers
  Josephine (D:10)
  4 fire dragons
  Erolcha (D:10)
  A great orb of eyes (D:14)
  4 hydras
  A rakshasa (D:13)
  2 catoblepae
  6 centaur warriors
  An alligator snapping turtle (Shoals:4)
  4 merfolk avatars
  5 merfolk aquamancers
  2 satyrs
  4 death yaks
  13 two-headed ogres
  An orc high priest (Orc:1)
  11 sea snakes
  A wizard (D:15)
  An unseen horror (D:13)
  A necromancer (D:13)
  16 wolf spiders
  A wolf spider zombie (D:13)
  An orc knight (Orc:1)
  12 harpies
  7 fauns
  3 ugly things (D:15)
  8 orc sorcerers
  14 manticores
  10 orb spiders
  3 cyclopes
  An elephant (shapeshifter) (D:14)
  A salamander (Volcano)
  2 ice statues (IceCv)
  A moth of wrath (Spider:4)
  3 elephants (Lair:5)
  8 merfolk sirens
  4 water nymphs
  Psyche (D:10)
  4 torpor snails
  3 black mambas
  10 spiny frogs
  2 gargoyles
  16 komodo dragons
  2 kobold demonologists
  6 rime drakes
  12 demonic crawlers
  7 ice devils (IceCv)
  10 trolls
  15 jumping spiders
  A queen bee (D:10)
  A tengu conjurer (D:14)
  Grinder (D:6)
  4 hornets
  14 merfolk
  3 blink frogs (Lair:4)
  3 slime creatures
  8 snapping turtles
  A polar bear (Lair:3)
  3 wind drakes (Shoals:4)
  12 hippogriffs
  4 shadows
  10 wyverns
  46 redbacks
  50 yaks
  A hog (Spider:4)
  A vampire (D:14)
  2 fire elementals (D:12)
  13 water elementals
  5 wraiths
  15 tarantellas
  4 basilisks
  3 hungry ghosts
  3 fire bats (Volcano)
  6 steam dragons
  Edmund (D:6)
  9 wargs
  2 soldier ants
  2 acid dragons
  Duvessa (D:6)
  3 hell hounds (D:12)
  7 water moccasins
  13 porcupines
  25 orc warriors
  2 phantoms
  2 black bears
  8 sky beasts
  An ice beast (D:8)
  A necrophage (D:10)
  5 wolves (Lair:2)
  15 centaurs
  13 ogres
  15 bullfrogs
  2 elf zombies (Ossuary)
  10 big kobolds
  13 crocodiles
  An elf skeleton (D:8)
  A water moccasin zombie (D:5)
  Dowan (D:6)
  5 scorpions
  A wyvern skeleton (D:12)
  31 killer bees
  8 wights
  2 howler monkeys
  4 electric eels
  A bullfrog zombie (D:13)
  8 crimson imps
  3 centaur zombies
  9 hounds
  A quasit (D:13)
  A human zombie (D:8)
  7 jellies
  13 orc priests
  2 bullfrog skeletons
  7 centaur skeletons
  Ijyb (D:4)
  A human skeleton (D:8)
  34 orc wizards
  5 iguanas
  3 hell rats (Lair:3)
  7 worker ants
  A big kobold zombie (Ossuary)
  A hound skeleton (D:4)
  2 mummies (Ossuary)
  A worker ant zombie (D:7)
  3 gnolls (D:5)
  9 river rats (Lair:3)
  11 adders
  8 white imps (IceCv)
  7 ufetubi (IceCv)
  3 oozes
  3 adder zombies (Ossuary)
  2 adder skeletons
  6 worms
  6 leopard geckos
  90 orcs
  2 ball pythons
  6 giant cockroaches
  10 goblins
  5 hobgoblins
  12 jackals
  32 kobolds
  2 quokkas
  10 bats
  6 frilled lizards
  12 hobgoblin zombies (Ossuary)
  2 jackal zombies (Ossuary)
  8 kobold zombies (Ossuary)
  A leopard gecko zombie (D:6)
  3 orc skeletons (D:8)
  7 orc zombies (Ossuary)
  12 rats
  A rat zombie (Ossuary)
  A bush (Shoals:2)
  5 tentacles
1083 creatures vanquished.

Vanquished Creatures (collateral kills)
  An orc warlord (Orc:2)
  An entropy weaver (Spider:4)
  3 hydras
  A death yak (Shoals:2)
  2 two-headed ogres
  A swamp dragon (Lair:6)
  A lindwurm (Lair:5)
  13 orb spiders
  5 wolf spiders
  2 orc sorcerers (Orc:2)
  4 moths of wrath
  2 salamanders (Volcano)
  3 elephants (Lair:5)
  2 spiny frogs (Lair:5)
  A black mamba (Lair:5)
  A rime drake (Lair:2)
  3 demonic crawlers
  A troll (Orc:2)
  2 ice devils (IceCv)
  2 jumping spiders
  4 hornets
  A hippogriff (D:8)
  2 tarantellas
  8 redbacks
  A spriggan (D:7)
  3 yaks
  A fire bat (Volcano)
  A hog (Spider:4)
  A steam dragon (Volcano)
  A warg (Orc:2)
  A porcupine (Lair:4)
  3 hell hounds (D:12)
  A phantom (D:7)
  An ogre (Orc:1)
  3 crocodiles
  2 bullfrogs
  3 wights (D:6)
  A crimson imp (D:6)
  5 orc priests
  9 orc wizards (Orc:2)
  2 white imps (IceCv)
  An adder skeleton (D:6)
  11 orcs
  A giant cockroach (D:8)
  2 fungi
  2 plants (Volcano)
122 creatures vanquished.

Vanquished Creatures (others)
  A water elemental (Shoals:4)
  A human (Spider:4)
  3 white imps (IceCv)
  3 bushes
  42 plants
  3 spectral weapons (Spider:4)
  11 tentacles
64 creatures vanquished.

Grand Total: 1269 creatures vanquished

Notes
Turn   | Place    | Note
-------+----------+-------------------------------------------
     0 | D:1      | mystokes the Merfolk Gladiator began the quest for the Orb.
     0 | D:1      | Reached XP level 1. HP: 16/16 MP: 1/1
   324 | D:1      | Reached XP level 2. HP: 9/23 MP: 2/2
   789 | D:1      | Reached skill level 5 in Polearms
  1076 | D:1      | Reached XP level 3. HP: 28/28 MP: 3/3
  1100 | D:1      | Reached skill level 3 in Fighting
  1408 | D:2      | Found a burning altar of Makhleb.
  1412 | D:2      | Noticed a cacodemon
  1413 | D:2      | Found a glowing silver altar of Zin.
  1414 | D:2      | Noticed an angel
  1454 | D:2      | Became a worshipper of Makhleb the Destroyer
  1565 | D:2      | Reached XP level 4. HP: 28/37 MP: 4/4
  2193 | D:2      | Reached skill level 4 in Fighting
  2231 | D:2      | Found a faded altar of an unknown god.
  2329 | D:2      | Found a burning altar of Makhleb.
  2768 | D:3      | Reached XP level 5. HP: 42/42 MP: 5/5
  2987 | D:3      | Reached * piety under Makhleb
  4348 | D:4      | Noticed a phantom
  4349 | D:4      | Noticed a phantom
  4427 | D:4      | Noticed a centaur
  4433 | D:4      | Killed a centaur
  4433 | D:4      | Reached skill level 5 in Fighting
  4433 | D:4      | Reached XP level 6. HP: 38/51 MP: 6/6
  4634 | D:4      | Noticed Ijyb
  4750 | D:4      | Killed Ijyb
  4837 | D:4      | Reached ** piety under Makhleb
  4837 | D:4      | Reached XP level 7. HP: 54/57 MP: 7/7
  4874 | D:4      | Reached skill level 6 in Fighting
  5001 | D:4      | Found a staircase to the Ecumenical Temple.
  5139 | D:4      | Reached skill level 1 in Invocations
  5463 | D:5      | Entered Level 5 of the Dungeon
  5512 | D:5      | Found a sparkling altar of Nemelex Xobeh.
  5660 | D:5      | Reached skill level 10 in Polearms
  5660 | D:5      | Reached XP level 8. HP: 61/65 MP: 9/9
  5740 | D:5      | Learned a level 4 spell: Summon Lightning Spire
  5746 | D:5      | Learned a level 2 spell: Call Imp
  5928 | D:5      | Reached skill level 7 in Fighting
  6388 | D:6      | Noticed Grinder
  6394 | D:6      | Paralysed by Grinder for 7 turns
  6413 | D:6      | Killed Grinder
  6633 | D:6      | Noticed Dowan
  6633 | D:6      | Noticed Duvessa
  6662 | D:6      | Killed Duvessa
  6662 | D:6      | Reached XP level 9. HP: 73/73 MP: 10/12
  6663 | D:6      | Killed Dowan
  6781 | D:6      | Reached *** piety under Makhleb
  6819 | D:6      | Noticed Edmund
  6831 | D:6      | Killed Edmund
  6934 | D:6      | Identified the cursed +1 robe of Faerysm {+Blink rF+ Regen+
                  | Int-5}
  6964 | D:6      | Reached skill level 8 in Fighting
  6981 | D:6      | Found Vouguj's Food Shop.
  7335 | D:7      | Reached skill level 1 in Armour
  7335 | D:7      | Reached skill level 5 in Invocations
  8002 | D:7      | Found Yplecopi's Assorted Antiques.
  8118 | D:8      | Reached XP level 10. HP: 81/82 MP: 13/13
  8163 | D:8      | Reached skill level 9 in Fighting
  8215 | D:8      | Reached **** piety under Makhleb
  8467 | D:8      | Found a sand-covered staircase.
  8487 | Ossuary  | Entered an ossuary
  8942 | Ossuary  | Reached ***** piety under Makhleb
  9174 | D:8      | Found a glowing golden altar of the Shining One.
  9175 | D:8      | Found a shattered altar of Ashenzari.
  9387 | D:8      | Found a snail-covered altar of Cheibriados.
  9479 | D:8      | Found a hazy altar of Hepliaklqana.
  9480 | D:8      | Found a shimmering altar of Xom.
  9481 | D:8      | Noticed a spectral ugly thing
  9774 | D:9      | Noticed a two-headed ogre
  9860 | D:9      | Reached skill level 15 in Polearms
 10132 | D:9      | Killed a two-headed ogre
 10608 | D:9      | Reached XP level 11. HP: 86/90 MP: 15/15
 10627 | D:9      | Reached skill level 10 in Fighting
 10631 | D:9      | Found a staircase to the Lair.
 10725 | D:9      | Noticed a two-headed ogre
 10731 | D:9      | Killed a two-headed ogre
 11258 | D:10     | Entered Level 10 of the Dungeon
 11353 | D:10     | Noticed Erolcha
 11414 | Lair:1   | Entered Level 1 of the Lair of Beasts
 11624 | Lair:1   | Reached skill level 1 in Summonings
 11632 | Lair:1   | Reached skill level 1 in Spellcasting
 11635 | Lair:1   | Reached skill level 1 in Air Magic
 12926 | Lair:2   | Got an encrusted ring mail
 12952 | Lair:2   | Identified the +5 ring mail of Altruism {Str+4} (You found
                  | it on level 2 of the Lair of Beasts)
 13560 | Lair:2   | Reached XP level 12. HP: 71/99 MP: 18/18
 13697 | Lair:2   | Reached skill level 5 in Armour
 14623 | Lair:3   | Reached skill level 11 in Fighting
 14702 | Lair:3   | Reached skill level 5 in Dodging
 14718 | Lair:3   | Identified a scroll of acquirement
 14721 | Lair:3   | Got a dazzling demon trident
 14724 | Lair:3   | Identified the +7 demon trident of Dividends {vamp, Str+6
                  | Dex+6 Stlth-} (You acquired it on level 3 of the Lair of
                  | Beasts)
 14819 | Lair:3   | Noticed a death yak
 14831 | Lair:3   | Killed a death yak
 14967 | Lair:3   | Noticed Snorg
 14971 | Lair:3   | Found a staircase to the Shoals.
 15002 | Lair:3   | Killed Snorg
 15034 | Lair:3   | Found the macabre finger necklace {rN+}
 15331 | Lair:4   | Found a dark tunnel.
 15336 | Volcano  | Entered a volcano
 15358 | Volcano  | Reached skill level 5 in Summonings
 15386 | Volcano  | Noticed a two-headed ogre
 15397 | Volcano  | Killed a two-headed ogre
 15519 | Volcano  | Reached XP level 13. HP: 107/107 MP: 19/19
 15568 | Volcano  | Reached skill level 12 in Fighting
 15568 | Volcano  | Reached skill level 5 in Air Magic
 15590 | Volcano  | Noticed a fire dragon
 15603 | Volcano  | Killed a fire dragon
 15746 | Lair:4   | Reached skill level 1 in Shields
 16411 | Lair:4   | Found a hole to the Spider Nest.
 17291 | Lair:6   | Entered Level 6 of the Lair of Beasts
 17315 | Lair:6   | Reached skill level 10 in Dodging
 17494 | Lair:6   | Reached XP level 14. HP: 116/116 MP: 20/20
 17512 | Lair:6   | Reached skill level 13 in Fighting
 17989 | Lair:6   | Reached skill level 5 in Spellcasting
 18230 | Lair:6   | Found a runed translucent door.
 18230 | Lair:6   | Found a viscous altar of Jiyva.
 18230 | Lair:6   | Found a staircase to the Slime Pits.
 18595 | D:10     | Killed Erolcha
 18800 | D:10     | Reached ****** piety under Makhleb
 18859 | D:10     | Noticed Psyche
 18865 | D:10     | Killed Psyche
 18914 | D:10     | Found an opulent altar of Gozag.
 19204 | D:10     | Noticed Josephine
 19219 | D:10     | Killed Josephine
 19504 | D:11     | Found a shimmering blue altar of Sif Muna.
 19532 | D:11     | Got a dazzling chain mail
 19594 | D:11     | Identified the +6 chain mail of the Thinker {rC+ Regen+
                  | Int+5 Dex+3} (You found it on level 11 of the Dungeon)
 20092 | D:12     | Found a frozen archway.
 20101 | IceCv    | Entered an ice cave
 20420 | IceCv    | Noticed a reaper
 20436 | IceCv    | Killed a reaper
 20512 | IceCv    | Got a translucent leather armour
 20523 | IceCv    | Identified the cursed +1 leather armour of Buko {rF+ rCorr
                  | Int+2} (You found it in an ice cave)
 20666 | D:12     | Found Uruomal's Assorted Antiques.
 20675 | D:12     | Bought a shiny shield for 225 gold pieces
 20760 | D:12     | Reached skill level 14 in Fighting
 20771 | D:12     | Found a staircase to the Orcish Mines.
 20825 | D:12     | Got a glittering jade amulet
 20829 | D:12     | Identified the amulet "Gifyes" {Spirit rC+ Stlth+} (You
                  | acquired it on level 12 of the Dungeon)
 20993 | D:12     | Got a heavily runed ring mail
 21005 | D:12     | Identified the +1 ring mail of Sureunecs {rCorr Dex+2} (You
                  | found it on level 12 of the Dungeon)
 21091 | D:12     | Found a runed translucent gate.
 21092 | D:12     | Found a runed translucent gate.
 21093 | D:12     | Found a runed translucent gate.
 21094 | D:12     | Noticed Arum's ghost (journeyman FoFi)
 21097 | D:12     | Noticed Azrael
 21118 | D:12     | Paralysed by a hornet for 3 turns
 21418 | D:12     | Reached skill level 5 in Shields
 21434 | D:12     | Killed Azrael
 21743 | D:12     | Killed Arum's ghost
 21750 | D:12     | Got a wavering granite ring
 21767 | D:12     | Identified the ring "Qeorev" {+Fly Int+2} (You found it on
                  | level 12 of the Dungeon)
 21876 | Orc:1    | Entered Level 1 of the Orcish Mines
 21907 | Orc:1    | Reached XP level 15. HP: 99/126 MP: 13/24
 22315 | Orc:1    | Found a roughly hewn altar of Beogh.
 22434 | Orc:2    | Entered Level 2 of the Orcish Mines
 22466 | Orc:2    | Noticed Nessos
 22483 | Orc:2    | Killed Nessos
 22606 | Orc:2    | Found a staircase to the Elven Halls.
 22847 | Orc:2    | Noticed an orc warlord
 22896 | Orc:2    | Killed an orc warlord
 23152 | Orc:2    | Found Laefav's Book Boutique.
 23152 | Orc:2    | Found Bochuner's Magic Scroll Shoppe.
 23203 | Orc:2    | Found a roughly hewn altar of Beogh.
 23230 | Orc:2    | Found Coaf's Antique Armour Boutique.
 23248 | Orc:2    | Found Zuffoza's Antique Armour Shoppe.
 23630 | Orc:2    | Bought a shiny helmet for 157 gold pieces
 23630 | Orc:2    | Bought a pair of runed gloves for 157 gold pieces
 23630 | Orc:2    | Bought a pair of dazzling boots for 199 gold pieces
 23641 | Orc:2    | Identified the +0 pair of boots of the Mantidfly {rPois MR-
                  | Str+4} (You bought it in a shop on level 2 of the Orcish
                  | Mines)
 23682 | Orc:2    | Bought a pair of runed boots for 210 gold pieces
 23721 | Orc:2    | Bought a scroll of blinking for 105 gold pieces
 23721 | Orc:2    | Bought 3 scrolls of silence for 315 gold pieces
 24089 | D:13     | Gained mutation: Scrolls take you a little longer to read.
                  | [a neqoxec]
 24139 | D:13     | Found a gate to the Vaults.
 24794 | D:14     | Reached skill level 15 in Fighting
 24816 | D:14     | Reached skill level 10 in Invocations
 24836 | D:14     | Found a flickering gateway to a bazaar.
 24845 | Bazaar   | Entered a bazaar
 24845 | Bazaar   | Found Daunoed's General Store.
 24845 | Bazaar   | Found Dyvvau's General Store.
 24845 | Bazaar   | Found Coveh's Book Shop.
 24845 | Bazaar   | Found Rage's General Store.
 24870 | Bazaar   | Bought a book of Battle for 520 gold pieces
 24872 | Bazaar   | Bought a scroll of enchant armour for 82 gold pieces
 24891 | D:14     | Learned a level 2 spell: Song of Slaying
 24895 | D:14     | Learned a level 3 spell: Regeneration
 24899 | D:14     | Learned a level 3 spell: Spectral Weapon
 24925 | D:14     | Found an ornate altar of the Wu Jian Council.
 25547 | D:14     | Found a runed translucent gate.
 25547 | D:14     | Found a runed translucent gate.
 25547 | D:14     | Found a runed translucent gate.
 25560 | D:14     | Noticed a frost giant
 25643 | D:14     | Found a runed translucent gate.
 25643 | D:14     | Found a runed translucent gate.
 25643 | D:14     | Found a runed translucent gate.
 25867 | D:15     | Entered Level 15 of the Dungeon
 25954 | D:15     | Reached skill level 10 in Shields
 25975 | D:15     | Reached XP level 16. HP: 136/136 MP: 25/25
 26655 | D:15     | Found a staircase to the Depths.
 27094 | Shoals:1 | Entered Level 1 of the Shoals
 27100 | Shoals:1 | Found Imeimm's Mass Market.
 27125 | Shoals:1 | Found a transporter.
 27871 | Shoals:1 | Found a transporter.
 27971 | Shoals:2 | Noticed Polyphemus
 28029 | Shoals:2 | Killed Polyphemus
 28029 | Shoals:2 | Reached skill level 16 in Fighting
 28149 | Shoals:2 | Noticed a kraken
 28174 | Shoals:2 | Killed a kraken
 28267 | Shoals:2 | Got a bloodstained animal skin
 29296 | Shoals:3 | Found a glowing silver altar of Zin.
 29303 | Shoals:3 | Noticed a kraken
 29324 | Shoals:3 | Killed a kraken
 29324 | Shoals:3 | Reached XP level 17. HP: 145/145 MP: 18/26
 29804 | Shoals:4 | Entered Level 4 of the Shoals
 30784 | Shoals:4 | Got a clouded lead amulet
 30786 | Shoals:4 | Identified the amulet "Gesujyry" {RegenMP rF+ Int+4} (You
                  | acquired it on level 4 of the Shoals)
 31569 | Shoals:4 | Got a barnacled rune of Zot
 32073 | Spider:1 | Entered Level 1 of the Spider Nest
 32206 | Spider:1 | Reached skill level 17 in Fighting
 33652 | Spider:2 | You fall into a shaft and drop 1 floor!
 33968 | Spider:2 | Reached XP level 18. HP: 155/155 MP: 27/27
 34157 | Spider:3 | Reached skill level 15 in Shields
 34318 | Spider:3 | Reached skill level 1 in Charms
 34358 | Spider:3 | Reached skill level 1 in Hexes
 35227 | Spider:4 | Entered Level 4 of the Spider Nest
 35606 | Spider:4 | Noticed Kirke
 35620 | Spider:4 | Killed Kirke
 35658 | Spider:4 | Learned a level 5 spell: Summon Forest
 35724 | Spider:4 | Noticed Arachne
 35747 | Spider:4 | Slain by Arachne

Levels and vault maps discovered:
D:1:      lightli_arrival_boilingwater, layout_basic
D:2:      layout_rooms, grunt_temple_overflow_order_and_chaos_2, first_ration,
          chequers_ecumenical_altar_lobes, makhleb_blood_cavern_becter
D:3:      layout_loops_ring
D:4:      layout_basic, minmay_temple_entry_glassed_door, uniq_ijyb
D:5:      layout_basic, nemelex_lonely_heart_becter
D:6:      layout_basic, serial_shops, shop, uniq_duvessa, uniq_grinder,
          uniq_edmund
D:7:      layout_cave_pools, serial_shops, nicolae_shop_trees, the_bakery
D:8:      minmay_the_grid_square_5x5_3x3 [minmay_the_grid_square_5x5_empty,
          minmay_the_grid_square_5x5_one_wall, minmay_the_grid_square_5x5_tie,
          minmay_the_grid_square_5x5_c,
          minmay_the_grid_square_5x5_megaprize_hollow,
          minmay_the_grid_square_5x5_detours,
          minmay_the_grid_square_5x5_eight_small,
          minmay_the_grid_square_5x5_inset, minmay_the_grid_square_5x5_inner_i],
          layout_cave_pools, regret_index_temple_of_mockery,
          gammafunk_temple_overflow_statue, nicolae_ossuary_entry_catacombs,
          cheibrodos_worm_habitat
D:9:      layout_roguey, minmay_lair_entry_grove
D:10:     layout_loops_ring, special_room [special_room_bee],
          grunt_gozag_breadcrumbs, uniq_psyche, uniq_josephine, uniq_erolcha
D:11:     layout_long_grid, basic_altar
D:12:     layout_roguey, david_orc_3, portal_ice_cave_rime, serial_shops, shop,
          gammafunk_ghost_hydra_chop, uniq_azrael
D:13:     layout_irregular_city, david_vaults_1
D:14:     kennysheep_treasure_stockpile, layout_basic, minmay_misc_feat_hallway,
          basic_altar, serial_shops, bzr_entry_lakeside
D:15:     hangedman_depths_entry_try_elsewhere_first, layout_loops_corners,
          item_on_display_a
Lair:1:   layout_regular_city, grunt_megastairs_3
Lair:2:   layout_cave_pods
Lair:3:   layout_cave_shapes, shoals_dummy_entry, special_room,
          kennysheep_abandoned_house, uniq_snorg
Lair:4:   layout_regular_city, spider_nest_entry_rubble,
          nicolae_volcano_entry_s_turn, infiniplex_staircase_pool
Lair:5:   cheibrodos_lair_overgrown_chateau, layout_layer_cave,
          chequers_serial_rivers_micro_a
Lair:6:   guppyfry_lair_end_dragon, layout_big_grid, slime_altar_2,
          infiniplex_staircase_pool_2
Shoals:1: gammafunk_the_bubble [the_bubble_gammafunk_grid], layout_shoals,
          minmay_shop_mass
Shoals:2: argonaut_golden_fleece, layout_shoals, uniq_polyphemus
Shoals:3: layout_shoals, wheals_shoals_ruined_temple
Shoals:4: shoals_end_grunt_ice, layout_shoals, nicolae_shoals_cliffside_cave
Spider:1: layout_chambers
Spider:2: layout_spider_delve
Spider:3: layout_chambers, nicolae_spider_cling_halls
Spider:4: johnstein_spider_rune_arachne_lair, uniq_arachne, uniq_kirke
Orc:1:    layout_caves, special_room [special_room_orc]
Orc:2:    st_orc_town, layout_diamond_mine, uniq_nessos

Skill      XL: |  1  2  3  4  5  6  7  8  9 10 11 12 13 14 15 16 17 18 |
---------------+-------------------------------------------------------+-----
Polearms       | 5 6 7 8 10 11 13 15 16 | 16.0
Fighting       | 3 4 5 6 7 8 9 10 11 12 14 15 16 17 | 17.8
Invocations    | 2 4 5 6 8 10 12 | 12.0
Armour         | 2 3 4 5 |  5.0
Summonings     | 2 5 7 8 9 |  9.0
Spellcasting   | 2 4 6 |  6.0
Air Magic      | 2 4 6 7 8 |  8.0
Dodging        | 7 10 | 10.0
Shields        | 4 6 10 13 14 15 | 15.0
Charms         | 3 |  3.4
Hexes          | 3 |  3.1
Throwing       | |  2.0

Action                   |  1- 3 |  4- 6 |  7- 9 | 10-12 | 13-15 | 16-18 || total
-------------------------+-------+-------+-------+-------+-------+-------++-------
Melee: Trident           |   120 |   253 |   308 |       |       |       ||   681
       Tailslap          |     2 |       |       |       |    16 |    78 ||    96
       Halberd           |       |       |   140 |   670 |       |       ||   810
       Demon trident     |       |       |       |   174 |  1558 |  1508 ||  3240
Throw: Throwing net      |     2 |       |       |       |       |       ||     2
       Boomerang         |       |     7 |     3 |       |       |       ||    10
       Dart              |       |     2 |    10 |     2 |     3 |       ||    17
 Cast: Summon Lightning  |       |       |       |       |       |    42 ||    42
       Spectral Weapon   |       |       |       |       |       |     4 ||     4
       Regeneration      |       |       |       |       |       |     1 ||     1
Invok: Minor Destruction |       |       |    30 |    46 |    30 |    64 ||   170
       Lesser Servant of |       |       |     3 |    17 |    32 |     4 ||    56
       Major Destruction |       |       |       |     1 |    10 |       ||    11
       Greater Servant o |       |       |       |       |       |     4 ||     4
Evoke: Wand              |       |       |       |       |     3 |       ||     3
  Use: Scroll            |       |    10 |     7 |    11 |     8 |     9 ||    45
       Potion            |       |       |       |     3 |     6 |     2 ||    11
 Stab: Sleeping          |     2 |     1 |     1 |       |       |       ||     4
       Distracted        |       |       |       |     1 |     6 |     6 ||    13
       Petrified         |       |       |       |       |       |     9 ||     9
  Eat: Chunk             |     5 |    18 |    11 |    27 |    25 |    18 ||   104
       Ration            |       |       |       |       |     2 |     4 ||     6
Armor: Leather armour    |    18 |    22 |    80 |       |       |       ||   120
       Ring mail         |     3 |    25 |       |    68 |    16 |       ||   112
       Chain mail        |       |       |    91 |   239 |   228 |   265 ||   823
       Plate armour      |       |       |       |       |    94 |   190 ||   284
Dodge: Dodged            |    57 |   118 |   157 |   310 |   460 |   492 ||  1594
Block: Buckler           |       |       |       |       |   103 |       ||   103
       Shield            |       |       |       |       |   296 |   947 ||  1243
